Zazza, neutral female human Tourist -- --- ----- ---- --.--.-- ---------.|.-- ---- |..| |......-------- --..|.--......| |..| --- ----..| |........--...---------.............------..| --.--|....-- ---- |......................^@.........(........-- |...||....| |..-- --...---.................a...)..------------ ----..---.--- --...| --#-- --...........---......[..|---- ---.--......| |....-- # --..........|----....)..--..--- |...^.--...---- --....| # |..---.....||........<.......----- |....-#|......--- |...-- -#- ------....---.--.................## ##.|...#........|--...| --.| |.......).........)............| -----..........#-...-- |..--- ---.------.--.......--........)..---#-----# |......-#-....-#- |....| |...| |...--.....[.).....................| |..#-.-# --...-# ----.-----.------.--........----........-#---#-#--.#-# |.--#-- |....# |....|..| |...--.---....| |........--## |...| |.| --.-..#-- ---.-...|---.--...| --..-- |..........### #--.--|.| |.......| |....--|...--.--- |..| --..........[ --...|.| |.......| ---.----.--...---------------.........- --......| #...|...-- |.........^....................--....| |.......| --.----..| -----..--..----------------.|.----..-- ---.|.--- --# #..| -------- ----- ---- ----- -##- Zazza the Excursionist Experience level: 8 Strength: 25 Dexterity: 14 Constitution: 16 Intelligence: 15 Wisdom: 11 Charisma: 15 Health: 0(62) Energy: 33(33) Def: 14 Gold: 29 Moves: 7555 Dungeon seed: FUQrW9cZ9_nuecwq Game ID: Zazza_1536678170 Your Inventory: Coins $ - 29 gold pieces Amulets C - a blessed amulet versus poison (being worn) Weapons a - 25 +2 darts Q - a +0 elven dagger T - 6 +0 daggers (in quiver) W - a blessed +0 orcish dagger (weapon in hand) Armor n - an uncursed +0 pair of gauntlets of power (being worn) q - an uncursed +0 dwarvish mithril-coat (being worn) I - a blessed +2 helmet (being worn) J - an uncursed +0 pair of kicking boots (being worn) N - an uncursed +0 mummy wrapping Y - an uncursed +2 cloak of displacement (being worn) Comestibles b - 2 uncursed food rations c - 3 uncursed tripe rations d - 2 uncursed lembas wafers Scrolls j - 3 uncursed scrolls of magic mapping D - an uncursed scroll of identify E - an uncursed scroll of enchant armor M - an uncursed scroll of enchant weapon Potions r - 3 uncursed potions of object detection G - an uncursed potion of monster detection H - an uncursed potion of oil S - 2 uncursed potions of gain ability Z - an uncursed potion of fruit juice Rings v - an uncursed ring of teleport control (on left hand) Wands t - a wand of undead turning (0:5) y - a cursed wand of teleportation (0:6) L - a wand of create monster (0:13) V - a wand of slow monster (0:5) Tools h - an uncursed towel k - an uncursed skeleton key m - an expensive camera (0:67) R - a magic marker (0:52) U - an uncursed wax candle (0:400) Spells and supernatural/magical abilities: Name Level Category Fail Memory W - pray for help -- divine ? -- Your skills at the end: Fighting Skills Weapon Skills dagger [Skilled] dart [Basic] Spellcasting Skills Final Attributes: You were piously aligned. You were fire resistant. You were poison resistant. You were telepathic. You were displaced. You had teleport control. You are dead. Vanquished creatures: a ghost a giant mimic a large mimic 4 small mimics a crocodile 2 wolves an orc-captain a mumak a gnome king an owlbear a gold golem 2 dingos a dwarf lord a gnome mummy a snake 2 human zombies a soldier ant an imp a water nymph 9 Uruk-hai a rock piercer a rock mole a fog cloud a shrieker a violet fungus 6 gnome lords 7 gnomish wizards a gray ooze a straw golem 9 giant ants a floating eye 7 dwarves 2 homunculi a kobold shaman 2 hill orcs a centipede 2 giant bats an iguana a coyote 2 hobbits 4 manes 2 hobgoblins 3 giant rats 3 cave spiders 4 brown molds 2 yellow molds 2 green molds a red mold 20 gnomes a gnome zombie 6 geckos 3 jackals a fox 2 kobolds 2 goblins 2 sewer rats 9 grid bugs 2 bats 7 lichens 3 kobold zombies 4 newts 166 creatures vanquished. Voluntary challenges: You used a wielded weapon 181 times, starting on turn 1756. You read items or engraved 4 times, starting on turn 1153. You never genocided any monsters. You never polymorphed an object. You never changed form. You used no wishes. You never split a pudding. You never wrote Elbereth's name. You never violated your personal moral code. Dungeon overview: The Dungeons of Doom: levels 1 to 6 Level 1 a long staircase Level 2 a fountain Level 3 an altar to The Lady Level 4 an altar to The Lady, a sink stairs to The Gnomish Mines Level 5 an armor shop Level 6 a general store, a fountain The Gnomish Mines: levels 5 to 8 Level 5 <- You were here stairs to The Dungeons of Doom Level 6 Level 7 Level 8 many shops, a temple to The Lady, some fountains History has recorded: On T:1 you entered the Dungeons of Doom to retrieve the Amulet of Yendor! On T:560 you reached level 2 of The Dungeons of Doom. On T:1015 you reached level 3 of The Dungeons of Doom. On T:1478 you reached level 4 of The Dungeons of Doom. On T:1489 you advanced to experience level 2. On T:1918 you reached level 5 of The Dungeons of Doom. On T:2215 you advanced to experience level 3. On T:2348 you advanced to experience level 4. On T:2932 you advanced to experience level 5. On T:3373 you reached level 1 of The Gnomish Mines. On T:4230 you reached level 2 of The Gnomish Mines. On T:4260 you advanced to experience level 6. On T:4858 you reached level 3 of The Gnomish Mines. On T:5415 you reached level 4 of The Gnomish Mines. On T:5474 you advanced to experience level 7. On T:6538 you reached level 6 of The Dungeons of Doom. On T:6828 you advanced to experience level 8. Score breakdown: Gold: 0 ( 0 points) Experience: 8 levels (14739 points) Exploration: 8 levels ( 16.67%) (11577 points) Discoveries: 19 items ( 6.38%) ( 7575 points) Valuables value: (no points given unless you survive) Artifact value: 0 ( 0 points) Variety of kills: 61 monsters ( 16.01%) (12003 points) Turncount: 7555 turns (-1964 points) Survival: died (score multiplied by 80%) Total score: 35144 Latest messages: T - 6 uncursed daggers (in quiver). Please move the cursor to an unknown object. Never mind. The werewolf changes into a wolf. The soldier ant misses. The soldier ant stings! You begin praying to The Lady. You are surrounded by a shimmering light. The soldier ant starts to attack you, but pulls back. (4x) You feel that The Lady is well-pleased. The soldier ant bites! The soldier ant stings! You die... Final status: Aloha Zazza the Tourist, killed by a soldier ant... You died in The Gnomish Mines on dungeon level 5 with 35144 points, and 29 pieces of gold, after 7555 moves. You were level 8 with a maximum of 62 hit points when you died.